AoeStats
← Ulosis

Arabia

508779888Analyzed
2v2 RM · 7d ago on Sep 24, 2026· 51m 8s· 4 players
Game mode
Random Map
Map size
Medium (4 player)
Population
200
Speed
Normal
Resources
Standard
Victory
Conquest
Starting age
Dark Age
Ending age
Imperial Age
RankedLock teamsTeams togetherTeam positionsShared explorationLock speedFull tech treeHidden civsTurbo modeCheats
Victory
Defeat
🇲🇽 Danes · Mexico
747
+19
🇲🇽 Bohemians · Mexico
737
+20
🇨🇱 Britons · Chile
837
-20
🇨🇱 Malay · Chile
795
-19
Ulosis
4:02 Loom
12:00 Feudal Age
11:35 Town Watch
11:38 Double-Bit Axe
11:37 Horse Collar
11:53 Man-at-Arms
16:56 Gold Mining
19:46 Arson
25:17 Castle Age
24:22 Crossbowman
24:24 Long Swordsman
27:50 Thumb Ring
28:58 Forging
31:25 Squires
31:35 Fletching
32:20 Iron Casting
36:44 Bodkin Arrow
36:50 Padded Archer Armor
36:56 Scale Barding Armor
40:28 Husbandry
42:49 Bow Saw
49:06 Sanctity
48:59 Redemption
PABLOSKY
13:10 Feudal Age
13:39 Loom
18:59 Double-Bit Axe
24:27 Castle Age
26:59 Stone Mining
36:21 Bow Saw
36:36 Horse Collar
36:49 Gold Mining
38:42 Fletching
38:54 Padded Archer Armor
40:50 Bodkin Arrow
41:12 Leather Archer Armor
43:54 Ballistics
46:10 Imperial Age
45:44 Murder Holes
46:45 Forging
46:38 Scale Mail Armor
47:18 Man-at-Arms
48:35 Iron Casting
48:16 Chain Mail Armor
48:08 Squires
48:45 Bracer
49:48 Chemistry
48:20 Elite Longbowman
49:27 Conscription
48:56 Long Swordsman
Quetzal!
1:45 Loom
11:37 Feudal Age
12:08 Man-at-Arms
14:16 Double-Bit Axe
17:27 Forging
18:09 Scale Mail Armor
18:45 Fletching
19:51 Gold Mining
23:21 Stone Mining
26:37 Castle Age
24:26 Horse Collar
26:29 Padded Archer Armor
28:40 Gambesons
29:33 Long Swordsman
29:36 Elite Skirmisher
32:17 Caravan
32:06 Town Watch
35:10 Wheelbarrow
36:33 Hamask
40:04 Ballistics
39:42 Guard Tower
40:36 Iron Casting
43:40 Bow Saw
43:33 Heavy Plow
43:42 Bodkin Arrow
44:02 Leather Archer Armor
47:59 Imperial Age
46:21 Thumb Ring
46:42 Masonry
47:28 Hand Cart
47:42 Town Patrol
48:56 Siege Engineers
49:52 Chemistry
49:36 Onager
sinko peso
6:11 Loom
11:58 Feudal Age
12:24 Double-Bit Axe
12:49 Man-at-Arms
17:56 Scale Mail Armor
18:07 Forging
17:56 Man-at-Arms
19:19 Wheelbarrow
22:40 Castle Age
23:46 Bow Saw
23:26 Horse Collar
23:51 Squires
23:53 Pikeman
24:54 Long Swordsman
27:10 Hand Cart
28:11 Heavy Plow
28:49 Caravan
30:24 Chain Mail Armor
30:44 Iron Casting
33:30 Iron Casting
33:27 Wagenburg Tactics
38:59 Imperial Age
40:54 Elite Hussite Wagon
41:55 Siege Engineers
42:12 Ballistics
42:22 Two-Handed Swordsman
45:46 Champion
48:46 Plate Mail Armor
Connection lost

Rejoining the realm…

Still unreachable

The connection could not be restored.

Session expired

The server has moved on; the page needs a fresh start.